 Seeded DCSS version 0.30.0-5-g1a98f26d00 (webtiles) character file.

Game seed: 10062253322411270703 (custom seed)

4535 karkarkar the Spear-Bearer (level 10, -2/86 HPs)
             Began as a Minotaur Fighter on May 7, 2023.
             Was a Believer of the Shining One.
             Shot with a bolt by an orc warrior (14 damage)
             ... on level 8 of the Dungeon on May 9, 2023.
             The game lasted 00:21:25 (7104 turns).

karkarkar the Spear-Bearer (Minotaur Fighter)       Turns: 7104, Time: 00:21:25

Health: -2/86      AC: 14    Str: 20    XL:     10   Next: 17%
Magic:  10/12      EV:  7    Int:  7    God:    the Shining One [**....]
Gold:   1391       SH:  8    Dex: 12    Spells: 9/9 levels left

rFire   + . .        m - +0 trident of Ignis, Threshing {heavy, rElec rPois Str-4 SInv}
rCold   . . .        q - +3 buckler of the Distant Future {Will++ Str+4 Dex-2}
rNeg    + + .        o - +0 plate armour
rPois   +            (helmet restricted)
rElec   +            (no cloak)
rCorr   .            (no gloves)
SInv    +            (no boots)
Will    ++...        (no amulet) Stlth
                     n - ring "Jeza" {rPois rF+ Str-4 Int+2 Dex+3}
HPRegen 0.34/turn    s - ring of positive energy
MPRegen 0.13/turn

%: no passive effects
@: mighty, glowing
A: horns 2, retaliatory headbutt
a: Renounce Religion, Divine Shield


You were on level 8 of the Dungeon.
You worshipped the Shining One.
The Shining One was pleased with you.
You visited 2 branches of the dungeon, and saw 9 of its levels.

You collected 1391 gold pieces.

Inventory:

Hand Weapons
 a - a +0 war axe
 m - the +0 trident of Ignis, Threshing (weapon) {heavy, rElec rPois Str-4 SInv}
   (You found it on level 3 of the Dungeon)

   Str:       It affects your strength (-4).
   rElec:     It insulates you from electricity.
   rPois:     It protects you from poison.
   SInv:      It lets you see invisible.
Missiles
 u - 5 poisoned darts (quivered)
 y - 2 boomerangs
Armour
 o - a +0 plate armour (worn)
 q - the +3 buckler of the Distant Future (worn) {Will++ Str+4 Dex-2}
   (You found it on level 4 of the Dungeon)

   Str:       It affects your strength (+4).
   Dex:       It affects your dexterity (-2).
   Will:      It greatly increases your willpower.
Jewellery
 n - the ring "Jeza" (left hand) {rPois rF+ Str-4 Int+2 Dex+3}
   (You found it on level 3 of the Dungeon)

   [ring of protection from fire]

   Str:       It affects your strength (-4).
   Int:       It affects your intelligence (+2).
   Dex:       It affects your dexterity (+3).
   rF:        It protects you from fire.
   rPois:     It protects you from poison.
 s - a ring of positive energy (right hand)
Wands
 A - a wand of digging (2)
Scrolls
 e - 3 scrolls of vulnerability
 f - a scroll of silence
 g - a scroll of fog
 h - a scroll of teleportation
 l - 2 scrolls of immolation
 v - a scroll of magic mapping {unknown}
 w - a scroll of noise {unknown}
 x - a scroll of enchant weapon {unknown}
Potions
 b - a potion of curing {unknown}
 c - a potion of brilliance
 d - a potion of might
 i - 2 potions of flight
 j - 2 potions of attraction
 k - 2 potions of berserk rage
 p - 2 potions of haste {unknown}
 t - a potion of lignification {unknown}
 z - a potion of heal wounds


   Skills:
 + Level 7.2 Fighting
 - Level 4.2(8.1) Axes
 * Level 10.7(11.1) Polearms
 + Level 1.2 Throwing
 + Level 9.1 Armour
 - Level 2.2 Dodging
 - Level 1.0 Stealth
 + Level 7.0 Shields
 * Level 4.2 Invocations


You had 9 spell levels left.
You didn't know any spells.
Your spell library contained the following spells:

 Spells                   Type           Power      Damage    Failure   Level
 Call Canine Familiar     Summ           0%         N/A       100%        3
 Portal Projectile        Hex/Tloc       0%         N/A       100%        3
 Leda's Liquefaction      Hex/Erth       0%         N/A       100%        4


Dungeon Overview and Level Annotations

Branches:
Dungeon (8/15)             Temple (1/1) D:4
   Lair: D:8-11

Altars:
Cheibriados
Elyvilon
Fedhas
Gozag
Hepliaklqana
Makhleb
Nemelex Xobeh
Okawaru
Qazlal
Sif Muna
Uskayaw
Wu Jian
Xom
Yredelemnul
Zin
The Shining One

Shops:
D:7 :


Innate Abilities, Weirdness & Mutations

You have a pair of horns on your head.
You reflexively headbutt those who attack you in melee.


Message History

The centaur warrior hits you but does no damage.
The centaur warrior barely misses you. The wyvern closely misses you.
You furiously retaliate!
You headbutt the wyvern.
A cyclops comes into view.
You impale the centaur warrior!! You headbutt the centaur warrior!!
The centaur warrior is almost dead.
You block the centaur warrior's attack.
The centaur warrior kicks you but does no damage.
The wyvern bites you but does no damage.
The centaur warrior hits you!
The centaur warrior kicks you but does no damage.
The wyvern bites you.
You puncture the centaur warrior!
You kill the centaur warrior!
The wyvern bites you! The wyvern bites you.
Your Shields skill increases to level 7!
Your Invocations skill increases to level 4!
You have reached level 10!
You puncture the wyvern! You headbutt the wyvern.
You kill the wyvern!
You hear a shout!
An orc warrior comes into view. It is wielding a +0 long sword.
The cyclops throws a large rock.
The large rock hits you!
Press: ? - help, . - travel You can't see that place. [the floor.] Unknown command.
Throw: dart (curare)
Press: ? - help, Q - select action, (/) - cycle Shift-Dir - straight line, f - cyclops
Aim: a cyclops, quivering large rocks (86% to hit)
You throw a curare-tipped dart.
The curare-tipped dart hits the cyclops.
The cyclops is poisoned.
The cyclops convulses.
The cyclops seems to slow down.
The cyclops is lightly wounded.
The cyclops throws a large rock.
The large rock hits you!!
* * * LOW HITPOINT WARNING * * *
The orc warrior unwields a +0 long sword.
The orc warrior wields a +0 arbalest.
The orc warrior shoots a bolt.
The bolt hits you!
You die...

## ..# $. .. ..## #.
.#....# . .###
#:###.#.... .##.#
.C...#.o$..#...##.....
#...†)#.. ......#..#
#.###?#(###......#.#
#....@#............
.....#.$...#.........
.... #.###.#....#..#
... #. ...#....# . #.
.. #.......# #
....#.###...####..#
.....#.............#
..##.....#..)#####.##
.#. ......#...#


You could see an orc warrior.

Vanquished Creatures
  A centaur warrior (D:8)
  Grinder (D:6)
  6 yaks (D:5)
  A wyvern (D:8)
  A steam dragon (D:6)
  2 vampire mosquitoes (D:7)
  3 water moccasins
  2 ice beasts
  A black bear (D:7)
  3 sky beasts
  2 ogres (D:6)
  2 centaurs (D:7)
  A kobold brigand (D:6)
  2 scorpions (D:5)
  6 wights
  A howler monkey (D:6)
  An orc priest (D:7)
  6 hounds
  4 jellies
  A sleepcap (D:6)
  3 iguanas
  2 orc wizards
  8 adders
  2 shadow imps
  4 white imps
  2 ufetubi
  A worm (D:5)
  2 dart slugs (D:1)
  19 orcs
  4 endoplasms
  4 giant cockroaches
  2 goblins (D:3)
  5 hobgoblins
  2 jackals (D:3)
  2 quokkas
  6 ball pythons
  5 bats
  2 frilled lizards (D:1)
  4 kobolds
  4 rats
130 creatures vanquished.

Notes
Turn   | Place    | Note
-------+----------+-------------------------------------------
     0 | D:1      | karkarkar the Minotaur Fighter began the quest for the Orb.
     0 | D:1      | Reached XP level 1. HP: 19/19 MP: 0/0
   172 | D:1      | Reached XP level 2. HP: 24/27 MP: 1/1
  1078 | D:2      | Reached XP level 3. HP: 33/33 MP: 2/2
  2023 | D:3      | Identified the +0 trident of Ignis, Threshing {heavy, rElec
                  | rPois Str-4 SInv}
  2212 | D:3      | Reached XP level 4. HP: 31/41 MP: 3/3
  2997 | D:3      | Identified the ring "Jeza" {rPois rF+ Str-4 Int+2 Dex+3}
  3001 | D:3      | Found a basalt altar of Yredelemnul.
  3001 | D:3      | Found a white marble altar of Elyvilon.
  3002 | D:3      | Found a burning altar of Makhleb.
  3003 | D:3      | Found a shimmering blue altar of Sif Muna.
  3004 | D:3      | Found a hazy altar of Hepliaklqana.
  3175 | D:4      | Reached XP level 5. HP: 47/47 MP: 4/4
  3253 | D:4      | Reached skill level 1 in Dodging
  3267 | D:4      | Found a staircase to the Ecumenical Temple.
  3282 | Temple   | Entered the Ecumenical Temple
  3340 | Temple   | Became a worshipper of the Shining One
  3703 | D:4      | Identified the +3 buckler of the Distant Future {Will++
                  | Str+4 Dex-2}
  4079 | D:4      | Found a sparkling altar of Nemelex Xobeh.
  4232 | D:5      | Entered Level 5 of the Dungeon
  4300 | D:5      | Noticed a yak
  4300 | D:5      | Noticed a yak
  4315 | D:5      | Killed a yak
  4316 | D:5      | Reached skill level 1 in Polearms
  4316 | D:5      | Reached skill level 5 in Armour
  4316 | D:5      | Reached XP level 6. HP: 23/53 MP: 5/5
  4317 | D:5      | Noticed a yak
  4318 | D:5      | Killed a yak
  4319 | D:5      | Reached skill level 5 in Shields
  4322 | D:5      | Killed a yak
  4322 | D:5      | Noticed a yak
  4323 | D:5      | Reached skill level 2 in Polearms
  4323 | D:5      | Reached XP level 7. HP: 26/60 MP: 6/6
  4323 | D:5      | Noticed a yak
  4324 | D:5      | Noticed a yak
  4326 | D:5      | Killed a yak
  4327 | D:5      | Reached skill level 5 in Fighting
  4327 | D:5      | Reached skill level 3 in Polearms
  4331 | D:5      | HP: 3/61 [yak (5)]
  4534 | D:5      | Reached skill level 1 in Stealth
  4710 | D:5      | Identified a scroll of acquirement
  4710 | D:5      | Acquired 870 gold pieces
  4760 | D:5      | Killed a yak
  4761 | D:5      | Reached skill level 4 in Polearms
  4761 | D:5      | Reached XP level 8. HP: 68/68 MP: 7/7
  4768 | D:5      | Reached skill level 5 in Polearms
  4993 | D:6      | Upgraded the game from 0.30.0-3-ga4e48a9924 to
                  | 0.30.0-5-g1a98f26d00
  5015 | D:6      | Reached skill level 1 in Invocations
  5030 | D:6      | Reached skill level 6 in Polearms
  5244 | D:6      | Reached skill level 7 in Polearms
  5402 | D:6      | Reached * piety under the Shining One
  5545 | D:6      | Reached XP level 9. HP: 66/72 MP: 9/9
  5689 | D:6      | Noticed Grinder
  5692 | D:6      | Killed Grinder
  5693 | D:6      | Reached skill level 8 in Polearms
  6280 | D:7      | Found an opulent altar of Gozag.
  6442 | D:7      | Reached skill level 9 in Polearms
  6730 | D:7      | Reached skill level 10 in Polearms
  6743 | D:7      | Found Dus Nolu's Tremendous Tomes.
  6826 | D:7      | Reached ** piety under the Shining One
  7093 | D:8      | Noticed a centaur warrior
  7095 | D:8      | Reached skill level 1 in Throwing
  7099 | D:8      | Noticed a cyclops
  7101 | D:8      | Killed a centaur warrior
  7102 | D:8      | Reached XP level 10. HP: 46/86 MP: 10/12
  7104 | D:8      | Shot with a bolt by an orc warrior

Illustrated notes

Levels and vault maps discovered:
D:1:      dpeg_arrival_rooms_b, layout_basic
D:2:      layout_basic
D:3:      layout_basic, minitemple, serial_aquarium, aquarium_bridge_straight
          [aquarium_subvault_bridge, aquarium_subvault_wall,
          aquarium_subvault_bridge, aquarium_subvault_wall],
          aquarium_bridge_square [aquarium_subvault_wall,
          aquarium_subvault_bridge, aquarium_subvault_wall,
          aquarium_subvault_window], aquarium_window_fake, aquarium_window_1,
          aquarium_window_2, aquarium_window_corridor_1, aquarium_view_2a,
          aquarium_pool_2, minivault_24
D:4:      layout_basic, nemelex_altar_shiori, minmay_temple_entry_mini_moons
D:5:      layout_basic
D:6:      minmay_chambers_of_threes, layout_gridville, uniq_grinder
D:7:      layout_basic, nicolae_gozag_seed_capital,
          nicolae_shop_i_like_big_books
D:8:      hangedman_cross_stitches, layout_loops_cross,
          mainiacjoe_overflow_chevrons, marbit_many_paths,
          grunt_temple_overflow_open, roderic_serpentine_path
Temple:   kb_temple_of_zot

Skill      XL: |  1  2  3  4  5  6  7  8  9 |
---------------+----------------------------+-----
Axes           | 3 4 |  4.2
Fighting       | 4 5 6 7 |  7.2
Shields        | 4 5 6 7 |  7.0
Armour         | 4 5 6 7 8 9 |  9.1
Dodging        | 1 2 |  2.2
Polearms       | 1 2 4 7 10 | 10.7
Stealth        | 1 |  1.0
Invocations    | 2 4 |  4.2
Throwing       | 1 |  1.2

Action                     |  1- 3 |  4- 6 |  7- 9 | 10-12 || total
---------------------------+-------+-------+-------+-------++-------
  Melee: War axe           |    48 |       |       |       ||    48
         Trident           |    11 |    63 |   205 |     1 ||   280
         Headbutt          |     3 |    10 |    32 |     1 ||    46
  Throw: Dart              |       |       |     6 |     1 ||     7
 Invoke: Divine Shield     |       |       |     1 |       ||     1
    Use: Scroll            |     1 |     5 |     9 |       ||    15
         Potion            |       |     1 |     2 |       ||     3
 Armour: Scale mail        |    28 |    27 |       |       ||    55
         Plate armour      |       |    26 |    90 |       ||   116
  Dodge: Dodged            |    40 |    24 |    41 |       ||   105
  Block: Buckler           |    14 |    26 |    84 |       ||   124
